 Dungeon Crawl Stone Soup version 0.25.1-8-g42b30a86e7 (webtiles) character file.

Game seed: 6277918227360770831

172 Destapler the Grasshopper (level 5, -4/63 HPs)
             Began as a Centaur Warper on Dec 15, 2020.
             Slain by a river rat (6 damage)
             ... on level 3 of the Dungeon.
             The game lasted 00:13:52 (3321 turns).

Destapler the Grasshopper (Centaur Warper)          Turns: 3321, Time: 00:13:53

Health: -4/63      AC: 22    Str: 14    XL:     5   Next: 27%
Magic:  8/8        EV:  1    Int: 12    God:
Gold:   128        SH:  0    Dex:  9    Spells: 6/8 levels left

rFire    . . .     SeeInvis .   a - +0 spear
rCold    + . .     Gourm    .   (no shield)
rNeg     + + +     Faith    .   (armour currently unavailable)
rPois    +         Spirit   .   (helmet currently unavailable)
rElec    .         Reflect  .   (cloak currently unavailable)
rCorr    .         Harm     .   (gloves currently unavailable)
MR       .....     NoTele   +   (no barding)
Stlth    +.........             (no amulet)
HPRegen  0.20/turn              b - ring of protection from cold
MPRegen  0.11/turn              (no ring)

@: mighty, tree-form, stab, very slow
A: large
a: no special abilities


You were on level 3 of the Dungeon.
You were not hungry.
You were a tree.
You visited 1 branch of the dungeon, and saw 3 of its levels.

You collected 128 gold pieces.

Inventory:

Hand Weapons
 a - a +0 spear (weapon)
Missiles
 e - 5 boomerangs of dispersal
 h - 15 arrows
 p - 16 poisoned darts (quivered)
 q - a throwing net
Armour
 i - a +0 helmet (melded)
 n - a +0 centaur barding (melded)
 o - a +3 leather armour (melded)
Jewellery
 b - a ring of protection from cold (left branch)
 c - an uncursed ring of ice
Scrolls
 d - a scroll of blinking
 m - 2 scrolls of identify
Potions
 j - a potion of lignification
 l - a potion of might
 r - 3 potions of mutation
Comestibles
 f - 5 rations
 g - 5 chunks of flesh


   Skills:
 + Level 2.7 Fighting
 + Level 2.6 Polearms
 + Level 2.4 Throwing
 + Level 1.5 Armour
 + Level 2.1 Dodging
 - Level 2.0 Spellcasting
 + Level 2.9 Translocations


You had 6 spell levels left.
You knew the following spells:

 Your Spells              Type           Power        Failure   Level  Hunger
a - Blink                 Tloc           N/A          12%         2    ###....

Your spell library contained the following spells:

 Spells                   Type           Power        Failure   Level  Hunger
 Shroud of Golubria       Chrm/Tloc      #.....       22%         2    ###....
 Gell's Gravitas          Tloc           #.........   24%         3    ####...
 Lesser Beckoning         Tloc           #.........   24%         3    ####...
 Teleport Other           Tloc           #.......     24%         3    ####...
 Passage of Golubria      Tloc           N/A          63%         4    #####..


Dungeon Overview and Level Annotations

Branches:
Dungeon (3/15)

Altars:


Innate Abilities, Weirdness & Mutations

((You have hooves in place of feet.))
((Armour fits poorly on your strangely shaped body.))
((You cover ground very quickly.))
((You have extremely tough skin. (AC +3)))


Message History

You hit the river rat.
The river rat is almost dead.
The river rat bites you.
* * * LOW HITPOINT WARNING * * *
The river rat bites you.
* * * LOW HITPOINT WARNING * * *
You closely miss the river rat.
The river rat is almost dead.
The river rat bites you but does no damage. x2
You completely miss the river rat.
The river rat is almost dead.
The river rat completely misses you.
The river rat bites you but does no damage.
You hit the river rat.
You kill the river rat!
The river rat bites you but does no damage.
You closely miss the orc.
The orc is heavily wounded.
The river rat bites you.
You die...

#...# #... .##
#..########.###..#
#..###...........#
#..##.....≈......#
#.....o.≈≈≈≈≈.≈..#
###.######r#≈#≈≈.#
#.# #≈≈So≈≈≈≈≈.#
#.# #≈##########
#.# #≈≈†o♣≈# #..
####r#†# #.#
#≈≈≈≈#≈# #.#
#≈##≈#≈# # ≈≈#≈#
≈##≈# #≈ ≈≈ #≈ ≈#
##


You could see a river rat and an orc.

Vanquished Creatures
  10 adders
  A river rat (D:3)
  2 worms (D:2)
  2 dart slugs
  A leopard gecko (D:1)
  3 orcs (D:3)
  3 bats
  3 giant cockroaches
  6 goblins
  7 hobgoblins
  A jackal (D:1)
  2 quokkas (D:3)
  10 frilled lizards
  7 kobolds
  7 rats
65 creatures vanquished.

Notes
Turn   | Place    | Note
-------+----------+-------------------------------------------
     0 | D:1      | Destapler the Centaur Warper began the quest for the Orb.
     0 | D:1      | Reached XP level 1. HP: 17/17 MP: 3/3
   450 | D:1      | Reached XP level 2. HP: 24/24 MP: 4/4
   611 | D:1      | Reached skill level 1 in Armour
  1345 | D:2      | Reached XP level 3. HP: 19/29 MP: 5/5
  1845 | D:2      | Reached XP level 4. HP: 37/37 MP: 5/7
  2048 | D:1      | Learned a level 2 spell: Blink
  3302 | D:3      | Reached XP level 5. HP: 19/42 MP: 8/8
  3313 | D:3      | HP: 3/63 [river rat (4)]
  3317 | D:3      | HP: 1/63 [river rat (1)]
  3321 | D:3      | Slain by a river rat

Illustrated notes

Levels and vault maps discovered:
D:1:      dpeg_arrival_connections, layout_basic, st_stairs_9
D:2:      cheibrodos_helix_gallery, layout_basic
D:3:      layout_loops_ring, lightli_sewer_entry_pipes, fedhas_altar_4

Skill      XL: |  1  2  3  4 |
---------------+-------------+-----
Polearms       | 2 |  2.6
Armour         | 1 |  1.5
Spellcasting   | 2 |  2.0
Throwing       | 2 |  2.4
Dodging        | 2 |  2.1
Fighting       | |  2.7
Translocations | |  2.9

Action                   |  1- 3 |  4- 6 || total
-------------------------+-------+-------++-------
Melee: Spear             |   169 |   138 ||   307
       Kick              |    14 |    10 ||    24
Throw: Dart              |       |    13 ||    13
  Use: Potion            |     1 |     4 ||     5
       Scroll            |       |     4 ||     4
  Eat: Chunk             |     2 |     4 ||     6
Armor: Leather armour    |    96 |    69 ||   165
       Skin              |       |    47 ||    47
Dodge: Dodged            |    62 |    40 ||   102
